NWL (28 & UNDER)
BALZAC RAMS @ MOOSE JAW GHOSTBUSTERS
07/05/2029
 
TOP OF THE 1ST
Balzac Rams batting - Pitching for Moose Jaw Ghostbusters : LHP Colton Elías
Pitching: LHP Colton Elías
Batting: SHB Emílio Calvillo 0-0: Ground out U3 (Groundball, 34)
Batting: RHB Tommy Wilson 0-0: Ball
1-0: Ball
2-0: Ball
3-0: Called Strike
3-1: Base on Balls
Batting: RHB Gunner Allen 0-0: Swinging Strike
0-1: Ball
1-1: SINGLE (Line Drive, 78S)
Tommy Wilson to second
Batting: RHB Ken Longoria 0-0: Ball
1-0: Ball
2-0: Called Strike
2-1: Fly out, F8 (Flyball, 8RXD)
Runner from 2nd tags up, SAFE at 3rd, no throw
Batting: RHB Santiago Rivera 0-0: Ground out 4-3 (Groundball, 4)
Top of the 1st over - 0 runs, 1 hit, 0 errors, 2 left on base; Balzac 0 - Moose Jaw 0
BOTTOM OF THE 1ST
Moose Jaw Ghostbusters batting - Pitching for Balzac Rams : RHP Henry Carroll
Pitching: RHP Henry Carroll
Batting: LHB John Stone 0-0: Ball
1-0: Ball
2-0: Ground out 1-3 (Groundball, P)
Batting: SHB Michael Miller 0-0: Ball
1-0: Ball
2-0: Ball
3-0: Foul Ball, location: 2F
3-1: Base on Balls
Batting: RHB Billy Mullins 0-0: Ball
1-0: Ball
2-0: Called Strike
2-1: Foul Ball, location: 2F
2-2: Ball
3-2: Foul Ball, location: 2F
3-2: Base on Balls
Michael Miller to second
Pitching: RHP Billy Jacobs
Batting: RHB Yasuhiko Sumita 0-0: Ball
1-0: Ball
2-0: Ball
3-0: Base on Balls
Michael Miller to third
Billy Mullins to second
Batting: LHB Jon Scott 0-0: Called Strike
0-1: Ball
1-1: Ground out 6-3 (Groundball, 6M)
Michael Miller scores
Billy Mullins to third
Yasuhiko Sumita to second
Batting: RHB Aaron Murray 0-0: Foul Ball, location: 2F
0-1: Ball
1-1: Foul Ball, location: 2F
1-2: Foul Ball, location: 2F
1-2: Ball
Wild Pitch!
Billy Mullins scores
Yasuhiko Sumita to third
2-2: Ball
3-2: Base on Balls
Batting: LHB Tony Beck 0-0: Ball
1-0: Ground out U3 (Groundball, 34S)
Bottom of the 1st over - 2 runs, 0 hits, 0 errors, 2 left on base; Balzac 0 - Moose Jaw 2
TOP OF THE 2ND
Balzac Rams batting - Pitching for Moose Jaw Ghostbusters : LHP Colton Elías
Batting: LHB Troy Jackson 0-0: Called Strike
0-1: Ball
1-1: Ball
2-1: Fly out, F6 (Popup, 6D)
Batting: RHB Jason Ward 0-0: Ball
1-0: Ground out 5-3 (Groundball, 56)
Now at 3B: Darren Holland
Batting: RHB Lorenzo Silva 0-0: Ball
1-0: Called Strike
1-1: Ball
2-1: Called Strike
2-2: Fly out, F7 (Flyball, 7LM)
Top of the 2nd over - 0 runs, 0 hits, 0 errors, 0 left on base; Balzac 0 - Moose Jaw 2
BOTTOM OF THE 2ND
Moose Jaw Ghostbusters batting - Pitching for Balzac Rams : RHP Billy Jacobs
Batting: RHB Bob Cole 0-0: Called Strike
0-1: Foul Ball, location: 2F
0-2: Strikes out swinging
Batting: RHB Johnny MacNamara 0-0: Called Strike
0-1: Called Strike
0-2: Foul Ball, location: 2F
0-2: Strikes out looking
Batting: LHB John Stone 0-0: Called Strike
0-1: Ball
1-1: SINGLE (Groundball, 6MD)
Batting: SHB Michael Miller 0-0: DOUBLE (Flyball, 78D)
John Stone to third
Batting: RHB Billy Mullins 0-0: SINGLE (Groundball, 6MD)
John Stone scores
Michael Miller to third
Runner from 3rd tries for Home, SAFE, no throw
Batting: RHB Yasuhiko Sumita 0-0: Called Strike
Billy Mullins is caught stealing 2nd base
Bottom of the 2nd over - 2 runs, 3 hits, 0 errors, 0 left on base; Balzac 0 - Moose Jaw 4
TOP OF THE 3RD
Balzac Rams batting - Pitching for Moose Jaw Ghostbusters : LHP Colton Elías
Batting: LHB Rodney Harrison 0-0: Swinging Strike
0-1: Ball
1-1: Ball
2-1: SINGLE (Groundball, 4D)
Batting: SHB Emílio Calvillo 0-0: Ball
Rodney Harrison is caught stealing 2nd base
1-0: Called Strike
1-1: SINGLE (Groundball, 3D)
Batting: RHB Tommy Wilson 0-0: Called Strike
Emílio Calvillo steals 2nd base
0-1: Ball
1-1: Ball
2-1: Ball
3-1: Called Strike
3-2: Base on Balls
Batting: RHB Gunner Allen 0-0: Foul Ball, location: 2F
0-1: Called Strike
0-2: Strikes out looking
Batting: RHB Ken Longoria 0-0: DOUBLE (Line Drive, 9LS)
Emílio Calvillo scores
Tommy Wilson to third
Batting: RHB Santiago Rivera 0-0: Ball
1-0: Foul Ball, location: 2F
1-1: Foul Ball, location: 2F
1-2: SINGLE (Line Drive, 7S)
Tommy Wilson scores
Ken Longoria to third
Runner from 3rd tries for Home, SAFE, throw made home
Batting: LHB Troy Jackson 0-0: Ball
1-0: Foul Ball, location: 2F
1-1: Reached on error, E5 (Groundball, 56)
Santiago Rivera to second
Batting: RHB Jason Ward 0-0: Ball
1-0: Swinging Strike
1-1: Swinging Strike
1-2: Foul Ball, location: 2F
1-2: Fielders Choice at 2nd, 5-4 (Groundball, 56)
Top of the 3rd over - 3 runs, 4 hits, 1 error, 2 left on base; Balzac 3 - Moose Jaw 4
BOTTOM OF THE 3RD
Moose Jaw Ghostbusters batting - Pitching for Balzac Rams : RHP Billy Jacobs
Batting: RHB Yasuhiko Sumita 0-0: Ball
1-0: Foul Ball, location: 2F
1-1: SOLO HOME RUN (Flyball, 7D), Distance : 383 ft
Batting: LHB Jon Scott 0-0: Ball
1-0: Ball
2-0: Called Strike
2-1: Foul Ball, location: 2F
2-2: Ground out 4-3 (Groundball, 4)
Batting: LHB Darren Holland 0-0: Ball
1-0: Fly out, F9 (Flyball, 9S)
Batting: LHB Tony Beck 0-0: Ball
1-0: Fly out, F3 (Line Drive, 3S)
Bottom of the 3rd over - 1 run, 1 hit, 0 errors, 0 left on base; Balzac 3 - Moose Jaw 5
TOP OF THE 4TH
Balzac Rams batting - Pitching for Moose Jaw Ghostbusters : LHP Colton Elías
Batting: RHB Lorenzo Silva 0-0: Fly out, F7 (Line Drive, 7S)
Batting: LHB Rodney Harrison 0-0: Ball
1-0: Fly out, F8 (Flyball, 8LM)
Batting: SHB Emílio Calvillo 0-0: Ball
1-0: Ball
2-0: Called Strike
2-1: Called Strike
2-2: SINGLE (Groundball, 4MD)
Batting: RHB Tommy Wilson 0-0: Called Strike
0-1: Ground out U3 (Groundball, 34)
Top of the 4th over - 0 runs, 1 hit, 0 errors, 1 left on base; Balzac 3 - Moose Jaw 5
BOTTOM OF THE 4TH
Moose Jaw Ghostbusters batting - Pitching for Balzac Rams : RHP Billy Jacobs
Batting: RHB Bob Cole 0-0: Ball
1-0: SINGLE (Groundball, 6MD)
Batting: RHB Johnny MacNamara 0-0: Fielders Choice at 2nd, 1-6 (Groundball, 13)
Batting: LHB John Stone 0-0: Called Strike
0-1: Called Strike
0-2: Strikes out looking
Batting: SHB Michael Miller 0-0: SINGLE (Line Drive, 89M)
Johnny MacNamara to second
Batting: RHB Billy Mullins 0-0: Foul Ball, location: 2F
0-1: Ball
1-1: Ground out 5-3 (Groundball, 5S)
Bottom of the 4th over - 0 runs, 2 hits, 0 errors, 2 left on base; Balzac 3 - Moose Jaw 5
TOP OF THE 5TH
Balzac Rams batting - Pitching for Moose Jaw Ghostbusters : LHP Colton Elías
Batting: RHB Gunner Allen 0-0: Ball
1-0: Ball
2-0: Ball
3-0: Base on Balls
Batting: RHB Ken Longoria 0-0: Ball
1-0: Called Strike
1-1: DOUBLE (Line Drive, 9LD)
Gunner Allen to third
Runner from 3rd tries for Home, SAFE, no throw
Batting: RHB Santiago Rivera 0-0: Ball
1-0: Swinging Strike
1-1: Ball
2-1: Fly out, F7 (Flyball, 78M)
Batting: LHB Troy Jackson 0-0: Called Strike
0-1: Ground out 1-3 (Groundball, 15)
Batting: RHB Jason Ward 0-0: Ball
Wild Pitch!
Ken Longoria to third
1-0: Foul Ball, location: 2F
1-1: Swinging Strike
1-2: Ball
2-2: Fly out, F2 (Popup, 2RF)
Top of the 5th over - 1 run, 1 hit, 0 errors, 1 left on base; Balzac 4 - Moose Jaw 5
BOTTOM OF THE 5TH
Moose Jaw Ghostbusters batting - Pitching for Balzac Rams : RHP Billy Jacobs
Batting: RHB Yasuhiko Sumita 0-0: Ball
1-0: Foul Ball, location: 2F
1-1: Fly out, F9 (Flyball, 9LS)
Batting: LHB Jon Scott 0-0: Called Strike
0-1: Ball
1-1: Swinging Strike
1-2: Ball
2-2: Strikes out swinging
Batting: LHB Darren Holland 0-0: Ball
1-0: Called Strike
1-1: Fly out, F8 (Flyball, 8LD)
Bottom of the 5th over - 0 runs, 0 hits, 0 errors, 0 left on base; Balzac 4 - Moose Jaw 5
TOP OF THE 6TH
Balzac Rams batting - Pitching for Moose Jaw Ghostbusters : LHP Colton Elías
Batting: RHB Lorenzo Silva 0-0: Ball
1-0: Swinging Strike
1-1: Foul Ball, location: 2F
1-2: Ball
2-2: Ground out 1-3 (Groundball, P)
Batting: LHB Rodney Harrison 0-0: Foul Ball, location: 2F
0-1: Called Strike
0-2: Ball
1-2: Strikes out swinging
Batting: SHB Emílio Calvillo 0-0: Called Strike
0-1: Ball
1-1: Fly out, F9 (Flyball, 9S)
Top of the 6th over - 0 runs, 0 hits, 0 errors, 0 left on base; Balzac 4 - Moose Jaw 5
BOTTOM OF THE 6TH
Moose Jaw Ghostbusters batting - Pitching for Balzac Rams : RHP Billy Jacobs
Pitching: RHP Reid Mapstone
Batting: LHB Tony Beck 0-0: Foul Ball, location: 2F
0-1: Ball
1-1: Ball
2-1: Foul Ball, location: 2F
2-2: Foul Ball, location: 2F
2-2: Ball
3-2: Foul Ball, location: 2F
3-2: Foul Ball, location: 2F
3-2: Ground out 3-1 (Groundball, 34)
Batting: RHB Bob Cole 0-0: DOUBLE (Line Drive, 7LM)
Batting: RHB Johnny MacNamara 0-0: Called Strike
0-1: Ball
1-1: Ball
2-1: Foul Ball, location: 2F
2-2: Ground out 4-3 (Groundball, 4M)
Bob Cole to third
Batting: LHB John Stone 0-0: Ball
1-0: Ball
2-0: Fly out, F1 (Line Drive, 13)
Bottom of the 6th over - 0 runs, 1 hit, 0 errors, 1 left on base; Balzac 4 - Moose Jaw 5
TOP OF THE 7TH
Balzac Rams batting - Pitching for Moose Jaw Ghostbusters : LHP Colton Elías
Batting: RHB Tommy Wilson 0-0: SINGLE (Flyball, 7S)
Batting: RHB Gunner Allen 0-0: Ball
1-0: Called Strike
1-1: Ball
2-1: Ground out 6-3 (Groundball, 6S)
Tommy Wilson to second
Batting: RHB Ken Longoria 0-0: Ball
1-0: DOUBLE (Line Drive, 89XD)
Tommy Wilson scores
Batting: RHB Santiago Rivera 0-0: Intentional Walk
Pitching: LHP Javier Galeas
Pinch Runner at 2nd Josh Baker:
Pinch Hitting: RHB Brian Parks 0-0: Swinging Strike
0-1: Foul Ball, location: 2F
0-2: Ball
1-2: Strikes out swinging
Batting: RHB Jason Ward 0-0: Called Strike
0-1: Called Strike
0-2: Ball
1-2: Ball
2-2: Reached on error, E6 (Groundball, 6)
Josh Baker to third
Santiago Rivera to second
Batting: RHB Lorenzo Silva 0-0: Ground out 1-3 (Groundball, P)
Top of the 7th over - 1 run, 2 hits, 1 error, 3 left on base; Balzac 5 - Moose Jaw 5
BOTTOM OF THE 7TH
Moose Jaw Ghostbusters batting - Pitching for Balzac Rams : RHP Reid Mapstone
Now at 1B: Carlos Romero
Now at 3B: Brian Parks
Pinch Hitting: SHB Rafael Acosta 0-0: Fly out, F9 (Flyball, 9)
Batting: RHB Billy Mullins 0-0: Ball
1-0: Ball
2-0: Ground out 5-3 (Groundball, 56)
Batting: RHB Yasuhiko Sumita 0-0: Ball
1-0: Ball
2-0: Called Strike
2-1: Foul Ball, location: 2F
2-2: Ground out 3-1 (Groundball, 23)
Bottom of the 7th over - 0 runs, 0 hits, 0 errors, 0 left on base; Balzac 5 - Moose Jaw 5
TOP OF THE 8TH
Balzac Rams batting - Pitching for Moose Jaw Ghostbusters : LHP Javier Galeas
Now in RF: Rafael Acosta
Batting: LHB Rodney Harrison 0-0: Ball
1-0: Ball
2-0: Fly out, F7 (Flyball, 7LSF)
Pinch Hitting: RHB Ricardo Muñóz 0-0: Called Strike
0-1: Ball
1-1: Ball
2-1: Swinging Strike
2-2: Ball
3-2: Base on Balls
Batting: RHB Tommy Wilson 0-0: Ball
1-0: Foul Ball, location: 2F
1-1: Called Strike
1-2: Ball
2-2: Fly out, F8 (Flyball, 8RXD)
Batting: RHB Gunner Allen 0-0: Ball
1-0: Foul Ball, location: 2F
1-1: Ball
2-1: Swinging Strike
2-2: Fly out, F8 (Flyball, 8RM)
Top of the 8th over - 0 runs, 0 hits, 0 errors, 1 left on base; Balzac 5 - Moose Jaw 5
BOTTOM OF THE 8TH
Moose Jaw Ghostbusters batting - Pitching for Balzac Rams : RHP Reid Mapstone
Now at SS: Ricardo Muñóz
Batting: LHB Jon Scott 0-0: Ball
1-0: SINGLE (Line Drive, 6M)
Batting: LHB Darren Holland 0-0: Ball
1-0: Ball
2-0: Sac Bunt - play at first, batter safe!
Jon Scott to second
Batting: LHB Tony Beck 0-0: Fly out, F7 (Flyball, 7)
Batting: RHB Bob Cole 0-0: Ball
1-0: Called Strike
1-1: Ball
2-1: Fly out, F8 (Flyball, 89M)
Batting: RHB Johnny MacNamara 0-0: Foul Ball, location: 2F
0-1: Ball
1-1: Ball
2-1: Foul Ball, location: 2F
2-2: Ball
3-2: SINGLE (Line Drive, 89M)
Jon Scott to third
Darren Holland to second
Jon Scott scores
Darren Holland to third
Batting: LHB John Stone 0-0: Ball
1-0: Called Strike
1-1: Ball
2-1: Ball
3-1: Foul Ball, location: 2F
3-2: Base on Balls
Johnny MacNamara to second
Batting: SHB Rafael Acosta 0-0: Swinging Strike
0-1: Ball
1-1: Fly out, F3 (Popup, 3)
Bottom of the 8th over - 1 run, 3 hits, 0 errors, 3 left on base; Balzac 5 - Moose Jaw 6
TOP OF THE 9TH
Balzac Rams batting - Pitching for Moose Jaw Ghostbusters : LHP Javier Galeas
Pitching: RHP Pancho Hernández
Batting: LHB Carlos Romero 0-0: Swinging Strike
0-1: Ball
1-1: Foul Ball, location: 2F
1-2: Foul Ball, location: 2F
1-2: Strikes out looking
Batting: RHB Santiago Rivera 0-0: Ground out 6-3 (Groundball, 56)
Batting: RHB Brian Parks 0-0: Ball
1-0: Foul Ball, location: 2F
1-1: Ball
2-1: Ground out 5-3 (Groundball, 56)
Top of the 9th over - 0 runs, 0 hits, 0 errors, 0 left on base; Balzac 5 - Moose Jaw 6
Saturday, December 16th, 2017 - OOTP Baseball 18.8 Build 76